 Dungeon Crawl Stone Soup version 0.28.0-43-g3370ac3207 (webtiles) character file.

Game seed: 11496618702711532772

4271 pkoi the Martial Artist (level 9, 0/75 HPs)
             Began as a Demigod Gladiator on Apr 1, 2022.
             Succumbed to a kobold brigand's poison
             ... on level 8 of the Dungeon.
             The game lasted 00:17:40 (11344 turns).

pkoi the Martial Artist (Demigod Gladiator)        Turns: 11344, Time: 00:17:41

Health: 0/75       AC: 10    Str: 19    XL:     9   Next: 85%
Magic:  11/15      EV: 15    Int: 20    God:
Gold:   1229       SH:  0    Dex: 19    Spells: 6/12 levels left

rFire   + + +      SeeInvis .     - Unarmed
rCold   + . .      Faith    .   (no shield)
rNeg    . . .      Spirit   .   L - +0 steam dragon scales
rPois   +          Reflect  .   b - +1 helmet
rElec   +          Harm     .   (no cloak)
rCorr   +          Rampage  .   w - +2 pair of gloves
Will    .....                   (no boots)
Stlth   ++........              (no amulet)
HPRegen 0.22/turn               u - +4 ring of slaying
MPRegen 0.14/turn               f - ring of Liepaasu {Contam +Blink rF+++ Int+6}

@: lethally poisoned (0 -> -45), resistant, slowed, very slow
A: high MP 1, forlorn, divine attributes
a: Evoke Blink


You were on level 8 of the Dungeon.
You visited 2 branches of the dungeon, and saw 9 of its levels.

You collected 1359 gold pieces.
You spent 130 gold pieces at shops.

Inventory:

Hand Weapons
 d - a +2 mace of holy wrath
 e - a +3 dagger of freezing
 g - a +0 short sword
 j - a +0 hunting sling
 I - a +2 short sword of venom
Missiles
 c - 3 throwing nets
 i - 287 stones
 m - 52 sling bullets
 A - 2 datura-tipped darts
 E - 2 boomerangs
 R - a curare-tipped dart
 S - 2 poisoned darts (quivered)
Armour
 a - a +0 leather armour
 b - a +1 helmet (worn)
 w - a +2 pair of gloves (worn)
 L - +0 steam dragon scales (worn)
Jewellery
 f - the ring of Liepaasu (right hand) {Contam +Blink rF+++ Int+6}
   (You acquired it on level 3 of the Dungeon)

   [ring of intelligence]

   Int:       It affects your intelligence (+6).
   rF:        It renders you almost immune to fire.
   +Blink:    It lets you blink.
   Contam:    It causes magical contamination when unequipped.
 q - a ring of positive energy
 r - a ring of magical power
 s - a ring of fire
 u - a +4 ring of slaying (left hand)
 J - a ring of flight
 O - a ring of protection from cold
Wands
 y - a wand of paralysis (19)
 C - a wand of polymorph (8)
 D - a wand of iceblast (9)
Scrolls
 h - 5 scrolls of teleportation
 l - 2 scrolls of amnesia
 n - a scroll of fear
 t - a scroll of enchant weapon
 x - a scroll of immolation
 F - a scroll of torment {unknown}
 G - a scroll of enchant armour
 H - a scroll of silence {unknown}
 M - a scroll of identify
 N - a scroll of blinking {unknown}
 P - a scroll of summoning
Potions
 k - 2 potions of might
 o - a potion of flight
 p - 2 potions of brilliance
 v - a potion of attraction {unknown}
 z - 2 potions of cancellation
 K - a potion of heal wounds
 Q - a potion of experience {unknown}


   Skills:
 - Level 6.0 Fighting
 - Level 1.7 Throwing
 - Level 6.0 Dodging
 * Level 8.7 Unarmed Combat
 + Level 2.1 Spellcasting
 + Level 2.0 Conjurations
 + Level 1.9 Translocations
 + Level 3.9 Air Magic
 + Level 3.9 Poison Magic


You had 6 spell levels left.
You knew the following spells:

 Your Spells              Type           Power      Damage    Failure   Level
a - Poisonous Vapours     Pois/Air       34%        N/A       4%          2
b - Iskenderun's Mystic   Conj/Tloc      10%        2d4       56%         4

Your spell library contained the following spells:

 Spells                   Type           Power      Damage    Failure   Level
 Static Discharge         Conj/Air       14%        N/A       7%          2
 Corpse Rot               Necr/Air       20%        N/A       11%         2
 Fulminant Prism          Conj/Hex       3%         3d6       71%         4
 Lightning Bolt           Conj/Air       7%         1d19      77%         5
 Lee's Rapid Deconstruct  Erth           1%         3d5*      99%         5
 Maxwell's Capacitive Co  Air            8%         ∞         100%        8


Dungeon Overview and Level Annotations

Branches:
Dungeon (8/15)             Temple (1/1) D:7
   Lair: D:8-11

Shops:
D:3 !   D:7 (

Annotations:
D:3 1 runed translucent door, WaxSun's ghost, amateur FoCK
D:4 3 runed translucent doors, osinmv's ghost, novice DjIE
D:8 exclusion: death knight


Innate Abilities, Weirdness & Mutations

You have an increased reservoir of magic. (+10% MP)
You shall have no god before yourself.
Your divine heritage dramatically boosts your attributes as you level up.


Message History

You feel very sick.
A kobold brigand comes into view.
It is wielding a +0 whip and quivering poisoned darts.
The kobold brigand shouts!
You punch the kobold brigand! Your punch misses the kobold brigand.
The kobold brigand is heavily wounded.
You feel sick.
The kobold brigand looks more healthy.
The kobold brigand hits you with a +1 whip of pain!
* * * LOW HITPOINT WARNING * * *
The kobold brigand throws a poisoned dart.
The poisoned dart hits you!
You are more poisoned.
You feel very sick.
The kobold brigand throws a curare-tipped dart.
The curare-tipped dart hits you.
You are more poisoned.
You have difficulty breathing.
* * * LOW HITPOINT WARNING * * *
You feel as though you will be slow longer.
The kobold brigand throws a poisoned dart.
The poisoned dart hits you!
You are more poisoned.
The kobold brigand throws a curare-tipped dart.
The curare-tipped dart closely misses you.
The kobold brigand throws a poisoned dart.
The poisoned dart hits you!
You are lethally poisoned!
* * * LOW HITPOINT WARNING * * *
You feel extremely sick.
The kobold brigand looks more healthy.
The kobold brigand throws a curare-tipped dart.
The curare-tipped dart hits you.
You are more poisoned.
You have difficulty breathing.
* * * LOW HITPOINT WARNING * * *
You feel as though you will be slow longer.
The kobold brigand throws a poisoned dart.
The poisoned dart hits you.
You are more poisoned.
You feel protected.
You die...

#.# #.##.# #... ....
#.# #.##.###.###.#.#
#.# #K#....K........
#.# #.#......#......
#.#####.#......ooo....
#.......K......#
#..#)##.#.#....#
#..#.##.#.#....#
#....##@#.#...#######
##..)..##.#..........
###.#.#.##.#..########
#..........#..#
###..........##
#.###.##.### #.#
#.##.# #.# #.##.# #.#
#.##.#


You could see 2 kobold brigands.

Vanquished Creatures
  2 steam dragons (D:8)
  Duvessa (D:6)
  4 water moccasins
  A black bear (D:5)
  3 orc warriors
  4 sky beasts
  2 ice beasts
  4 ogres
  A centaur (D:5)
  A phantom (D:5)
  5 kobold brigands
  2 bullfrogs
  6 scorpions
  Dowan (D:6)
  4 wights (D:8)
  4 electric eels (D:7)
  2 centaur zombies
  3 orc priests
  A hound (D:5)
  4 jellies
  3 centaur skeletons
  5 iguanas
  3 orc wizards
  A hound skeleton (D:4)
  10 adders
  3 gnolls
  A shadow imp (D:6)
  6 white imps
  3 worms (D:2)
  32 orcs
  5 ball pythons
  5 endoplasms
  3 giant cockroaches
  6 goblins
  9 hobgoblins
  4 jackals (D:3)
  22 kobolds
  4 quokkas
  4 bats
  2 frilled lizards
  6 rats
192 creatures vanquished.

Vanquished Creatures (others)
  4 fungi (D:1)
  13 plants (D:7)
17 creatures vanquished.

Grand Total: 209 creatures vanquished

Notes
Turn   | Place    | Note
-------+----------+-------------------------------------------
     0 | D:1      | pkoi the Demigod Gladiator began the quest for the Orb.
     0 | D:1      | Reached XP level 1. HP: 17/17 MP: 3/3
   229 | D:1      | Reached skill level 3 in Unarmed Combat
   363 | D:1      | Reached XP level 2. HP: 24/24 MP: 4/4
  1071 | D:2      | Reached XP level 3. HP: 26/29 MP: 5/5
  2224 | D:2      | Reached XP level 4. HP: 37/37 MP: 6/6
  2422 | D:3      | Identified a scroll of acquirement
  2512 | D:3      | Found Ompar's Distillery.
  2538 | D:3      | Bought a potion of heal wounds for 50 gold pieces
  2938 | D:3      | Found a runed translucent door.
  3035 | D:3      | Reached skill level 4 in Unarmed Combat
  3109 | D:3      | Noticed WaxSun's ghost (amateur FoCK)
  3276 | D:3      | Bought a potion of mutation for 80 gold pieces
  3283 | D:3      | Acquired the ring of Liepaasu {Contam +Blink rF+++ Int+6}
  3408 | D:4      | Reached XP level 5. HP: 22/44 MP: 7/7
  3751 | D:4      | Found a runed translucent gate.
  3751 | D:4      | Found a runed translucent gate.
  3752 | D:4      | Found a runed translucent gate.
  3755 | D:4      | Noticed osinmv's ghost (novice DjIE)
  4087 | D:4      | Reached skill level 5 in Unarmed Combat
  4087 | D:4      | Reached XP level 6. HP: 32/51 MP: 8/8
  5381 | D:4      | Acquired 887 gold pieces
  5566 | D:5      | Entered Level 5 of the Dungeon
  5930 | D:5      | Reached XP level 7. HP: 53/59 MP: 9/9
  6018 | D:5      | Reached skill level 6 in Unarmed Combat
  6094 | D:5      | Learned a level 2 spell: Poisonous Vapours
  6107 | D:5      | Learned a level 4 spell: Iskenderun's Mystic Blast
  6478 | D:5      | Reached skill level 1 in Air Magic
  6630 | D:5      | Reached skill level 1 in Poison Magic
  6697 | D:5      | Reached skill level 5 in Dodging
  6941 | D:5      | Reached XP level 8. HP: 39/67 MP: 10/10
  7186 | D:6      | Noticed Duvessa
  7186 | D:6      | Noticed Dowan
  7354 | D:6      | Reached skill level 5 in Fighting
  7354 | D:6      | Reached skill level 7 in Unarmed Combat
  7918 | D:6      | Killed Duvessa
  7926 | D:6      | Killed Dowan
  8309 | D:7      | Found a staircase to the Ecumenical Temple.
  8317 | Temple   | Entered the Ecumenical Temple
  8626 | D:7      | Reached XP level 9. HP: 61/74 MP: 10/12
  8696 | D:7      | Reached skill level 8 in Unarmed Combat
  8879 | D:7      | Found Luege's Weapon Shop.
  9238 | D:7      | Reached skill level 1 in Spellcasting
 10061 | D:8      | Reached skill level 1 in Conjurations
 10061 | D:8      | Reached skill level 1 in Translocations
 10314 | D:8      | Noticed a death knight
 10533 | D:8      | Noticed a boulder beetle
 11344 | D:8      | Succumbed to a kobold brigand's poison

Illustrated notes

Levels and vault maps discovered:
D:1:      minmay_arrival_plants_in_alcoves, layout_loops_ring
D:2:      layout_basic, minmay_pentomino_r4
D:3:      layout_basic, chequers_ecumenical_altar_simple,
          ebering_ghost_reflecting_pool, serial_shops, shop_fountains
D:4:      layout_loops_corners, ebering_ghost_gozag, grunt_ministairs_5,
          roderic_serpentine_path
D:5:      layout_cave_pools, grunt_decor_mini_mirrors, dk_vineyard_2
D:6:      layout_rooms, uniq_duvessa
D:7:      layout_loops_cross, lemuel_tele_altar,
          amethyst_overflow_temple_binary, minmay_temple_entry_gardened_gates,
          serial_shops, nicolae_shop_bloodbath_and_beyond, serial_bayou_lagoon_b
D:8:      hangedman_cross_veins, layout_basic, special_room
          [special_room_kobold], corexii_corridor_pit, eino_curves_01
Temple:   mainiacjoe_temple_bowtie_tessellation

Skill      XL: |  1  2  3  4  5  6  7  8  9 |
---------------+----------------------------+-----
Fighting       | 2 3 4 5 6 |  6.0
Unarmed Combat | 3 4 5 6 7 8 |  8.7
Dodging        | 3 4 5 6 |  6.0
Air Magic      | 1 3 |  3.9
Poison Magic   | 1 2 3 |  3.9
Spellcasting   | 2 |  2.1
Conjurations   | 2 |  2.0
Translocations | 1 |  1.9
Throwing       | |  1.7

Action                   |  1- 3 |  4- 6 |  7- 9 || total
-------------------------+-------+-------+-------++-------
Melee: Unarmed           |    17 |       |   259 ||   276
       Short sword       |    16 |       |       ||    16
       Punch             |     3 |     8 |    24 ||    35
       Dagger            |   106 |   142 |    32 ||   280
       Mace              |     7 |     8 |       ||    15
 Fire: Hunting sling     |     1 |     3 |     4 ||     8
 Cast: Poisonous Vapours |       |       |    40 ||    40
  Use: Scroll            |     6 |     8 |     4 ||    18
       Potion            |       |     4 |     4 ||     8
 Stab: Sleeping          |     2 |     1 |     2 ||     5
       Distracted        |       |       |     2 ||     2
Armor: Leather armour    |    38 |    42 |    47 ||   127
       Steam dragon scal |       |       |    15 ||    15
Dodge: Dodged            |    86 |    97 |   191 ||   374
